 Dungeon Sprint DCSS version 0.29.1-2-gbd0b4ee654 (webtiles) character file.

Game seed: 4716463094246044573

23262 Groucho the Peltast (level 12, -22/115 HPs)
             Began as a Minotaur Fighter on Nov 25, 2022.
             Was a High Priest of Cheibriados.
             Killed from afar by a deep elf knight (37 damage)
             ... with a shard of ice
             ... in the Dungeon (Sprint VII: "The Pits").
             The game lasted 00:17:54 (4508 turns).

Groucho the Peltast (Minotaur Fighter)              Turns: 4508, Time: 00:17:55

Health: -22/115    AC: 23    Str: 35    XL:     12   Next: 70%
Magic:  13/22      EV: 11    Int: 21    God:    Cheibriados [*****.]
Gold:   43         SH: 11    Dex: 30    Spells: 11/11 levels left

rFire   . . .      SeeInvis .   I - +2 hand axe (vorpal)
rCold   . . .      Faith    .   c - +0 buckler
rNeg    . . .      Spirit   .   r - +2 plate armour {rPois}
rPois   +          Reflect  .   (helmet restricted)
rElec   .          Harm     .   x - +0 cloak
rCorr   .          Rampage  .   z - +0 pair of gloves
Will    .....      NoTele   +   (no boots)
Stlth   ..........              (no amulet)
HPRegen 0.29/turn               s - +3 ring of intelligence
MPRegen 0.18/turn               t - +3 ring of dexterity

@: very slow
A: horns 2, retaliatory headbutt
a: Renounce Religion, Bend Time, Temporal Distortion, Slouch, Step From Time


You were in the Dungeon.
You worshipped Cheibriados.
Cheibriados was extremely pleased with you.
You visited 1 branch You collected 43 gold pieces.

Inventory:

Hand Weapons
 a - a +2 hand axe
 b - the +13 scythe of Curses {drain, Drain}
   (You found it in the Dungeon)

   A truly terrible weapon, it drains the life of any living foe it strikes.
   It inflicts powerful necromantic curses on any living foe it strikes.
   Drain:     It drains your maximum health when unequipped.
 k - a +2 mace
 u - the +8 mithril axe "Arga" {speed, Will+}
   (You found it in the Dungeon)

   Attacks with this weapon are significantly faster.
   Will:      It increases your willpower.
   Cheibriados disapproves of the use of such an item.
 I - a +2 vorpal hand axe (weapon)
Missiles
 m - 10 stones (quivered)
 A - 4 throwing nets
Armour
 c - a +0 buckler (worn)
 r - a +2 plate armour of poison resistance (worn)
 x - a +0 cloak (worn)
 y - a +3 plate armour
 z - a +0 pair of gloves (worn)
Jewellery
 s - a +3 ring of intelligence (left hand)
 t - a +3 ring of dexterity (right hand)
 B - a ring of protection from fire
 C - a ring of ice
 G - a ring of poison resistance
 H - a ring of positive energy
Wands
 q - a wand of polymorph (5)
Scrolls
 j - 4 scrolls of blinking
 n - 5 scrolls of amnesia
 o - a scroll of summoning
 p - 2 scrolls of vulnerability
 D - 2 scrolls of butterflies
 E - a scroll of magic mapping
 F - 3 scrolls of enchant weapon
 J - a scroll of identify
 K - 2 scrolls of fear
 L - 2 scrolls of enchant armour
Potions
 d - a potion of might
 e - 7 potions of curing
 f - 6 potions of heal wounds
 g - 5 potions of haste
 h - 3 potions of magic
 i - 7 potions of berserk rage
 l - 2 potions of invisibility
 v - 3 potions of brilliance
 w - a potion of resistance
 M - a potion of mutation


   Skills:
 + Level 13.5 Fighting
 - Level 18.0 Axes
 * Level 18.3 Armour
 - Level 3.0 Dodging
 * Level 18.3 Shields
 + Level 12.0 Unarmed Combat
 * Level 15.0 Invocations


You had 11 spell levels left.
You didn't know any spells.
Your spell library contained the following spells:

 Spells                   Type           Power      Damage    Failure   Level
 Magic Dart               Conj           0%         1d3       58%         1
 Call Imp                 Summ           0%         N/A       73%         2
 Mephitic Cloud           Conj/Pois/Air  0%         N/A       91%         3


Dungeon Overview and Level Annotations

Branches:
Dungeon (1/1)

Altars:
Ashenzari
Cheibriados
Dithmenos
Elyvilon
Fedhas
Gozag
Hepliaklqana
Kikubaaqudgha
Makhleb
Nemelex Xobeh
Okawaru
Qazlal
Ru
Sif Muna
Trog
Uskayaw
Vehumet
Wu Jian
Xom
Yredelemnul
Zin
The Shining One
Jiyva
Lugonu


Innate Abilities, Weirdness & Mutations

You have a pair of horns on your head.
You reflexively headbutt those who attack you in melee.


Message History

Cheibriados raises the support of your attributes as your movement slows.
Cheibriados lowers the support of your attributes as your movement quickens.
The alligator snapping turtle barely misses you.
A deep elf knight comes into view. It is wielding a +0 short sword.
A deep elf knight comes into view. It is wielding a +0 long sword.
Training target 18.0 for Axes reached!
Your Axes skill increases to level 18!
Your Armour skill increases to level 18!
Your Shields skill increases to level 18!
Your Unarmed Combat skill increases to level 12!
Your Invocations skill increases to level 15!
Unknown command.
Unknown command.
Magic courses through your body. The orc warlord barely misses you.
You furiously retaliate!
You headbutt the orc warlord!
The alligator snapping turtle bites you.
Unknown command.
Activating: Slouch (0% risk of failure)
Press: ? - help, Dir - look around, f - activate You can feel time thicken for a moment.
Cheibriados lowers the support of your attributes as your movement quickens.
The orc warlord hits you with a +0 great sword!
You block the alligator snapping turtle's attack.
Unknown command.
Unknown command.
Unknown command.
Activating: Slouch (0% risk of failure)
Press: ? - help, Dir - look around, f - activate You can feel time thicken for a moment.
You kill the orc warlord!
Cheibriados thoroughly appreciates the change of pace.
Cheibriados raises the support of your attributes as your movement slows.
Cheibriados lowers the support of your attributes as your movement quickens.
The deep elf knight casts a spell.
The deep elf knight seems to speed up.
The orc warlord hits you with a +0 great mace!!
* * * LOW HITPOINT WARNING * * *
The deep elf knight points at you and mumbles some strange words.
The shard of ice hits you!!!
You die...

++###############################
.................................
...†.............................
..##############)'##############(
..# #..@)..# #. .)# #.t)o..# #)
..# #...)..# #) ..# ###ee### #.
..# ))). #. ..# .)... #. ..#
....# #) ..# #....# #. ..# #.


You could see an alligator snapping turtle, an orc warlord (strong) and 2 deep
elf knights.

Vanquished Creatures
  An orc warlord (D)
  Harold (D)
  An ogre mage (D)
  2 naga warriors (D)
  4 two-headed ogres (D)
  A death yak (D)
  A vampire mage (D)
  A naga sharpshooter (D)
  Sonja (D)
  A deep elf knight (D)
  A shadow wraith (D)
  A flayed ghost (D)
  A deep troll (D)
  3 sea snakes (D)
  A bog body (D)
  A naga ritualist (D)
  8 orc knights (D)
  A deep elf zephyrmancer (D)
  2 orc sorcerers (D)
  A manticore (D)
  A cyclops (D)
  An elephant (D)
  A guardian serpent (D)
  A naga mage (D)
  A smoke demon (D)
  A cane toad (D)
  A freezing wraith (D)
  An efreet (D)
  An unseen horror (D)
  A polar bear (D)
  A tarantella (D)
  A shadow (D)
  2 spriggans (D)
  A fire elemental (D)
  A water elemental (D)
  A ynoxinul (D)
  6 yaks (D)
  Eustachio (D)
  A redback (D)
  A chaos spawn (D)
  A steam dragon (D)
  2 nagas (D)
  A warg (D)
  A floating eye (D)
  A swamp drake (D)
  An ogre (D)
  3 centaurs (D)
  2 bullfrogs (D)
  A scorpion (D)
  3 killer bees (D)
  A crimson imp (D)
  Crazy Yiuf (D)
  Ijyb (D)
  A hell rat (D)
  A gnoll (D)
  A river rat (D)
  2 white imps (D)
  An ufetubus (D)
  2 orcs (D)
  2 endoplasms (D)
  A hobgoblin (D)
  A quokka (D)
  3 ball pythons (D)
  A ball python skeleton (D)
  2 frilled lizards (D)
  2 goblins (D)
  A quokka skeleton (D)
100 creatures vanquished.

Notes
Turn   | Place    | Note
-------+----------+-------------------------------------------
     0 | D        | Groucho the Minotaur Fighter began the quest for the Orb.
     0 | D        | Reached XP level 1. HP: 19/19 MP: 0/0
    41 | D        | Found a bloodstained altar of Trog.
    41 | D        | Found a shimmering blue altar of Sif Muna.
    41 | D        | Found a viscous altar of Jiyva.
    41 | D        | Found a hazy altar of Hepliaklqana.
    41 | D        | Found an opulent altar of Gozag.
    42 | D        | Found a glowing golden altar of the Shining One.
    42 | D        | Found a glowing silver altar of Zin.
    42 | D        | Found a basalt altar of Yredelemnul.
    42 | D        | Found a shimmering altar of Xom.
    42 | D        | Found an ornate altar of the Wu Jian Council.
    42 | D        | Found a sacrificial altar of Ru.
    42 | D        | Found a stormy altar of Qazlal.
    42 | D        | Found an iron altar of Okawaru.
    42 | D        | Found a sparkling altar of Nemelex Xobeh.
    42 | D        | Found a burning altar of Makhleb.
    42 | D        | Found a blossoming altar of Fedhas.
    42 | D        | Found a white marble altar of Elyvilon.
    42 | D        | Found a shadowy altar of Dithmenos.
    42 | D        | Found a snail-covered altar of Cheibriados.
    44 | D        | Found a radiant altar of Vehumet.
    44 | D        | Found a corrupted altar of Lugonu.
    45 | D        | Found a hide-covered altar of Uskayaw.
    45 | D        | Found an ancient bone altar of Kikubaaqudgha.
    45 | D        | Found a broken altar of Ashenzari.
    55 | D        | Became a worshipper of Cheibriados the Contemplative
    73 | D        | Reached skill level 1 in Dodging
    73 | D        | Reached * piety under Cheibriados
    86 | D        | Reached skill level 1 in Unarmed Combat
    86 | D        | Reached XP level 2. HP: 23/27 MP: 1/1
   228 | D        | Reached ** piety under Cheibriados
   231 | D        | Noticed Ijyb
   249 | D        | Killed Ijyb
   250 | D        | Reached skill level 5 in Armour
   250 | D        | Reached skill level 5 in Shields
   250 | D        | Reached XP level 3. HP: 27/34 MP: 2/2
   328 | D        | Noticed Crazy Yiuf
   328 | D        | Noticed a centaur
   337 | D        | Killed Crazy Yiuf
   337 | D        | Reached *** piety under Cheibriados
   338 | D        | Reached skill level 1 in Invocations
   338 | D        | Reached XP level 4. HP: 28/41 MP: 2/4
   348 | D        | Reached skill level 5 in Axes
   349 | D        | Noticed a centaur
   354 | D        | Killed a centaur
   354 | D        | Reached **** piety under Cheibriados
   355 | D        | Reached skill level 5 in Fighting
   355 | D        | Reached XP level 5. HP: 32/48 MP: 4/6
   362 | D        | Killed a centaur
   385 | D        | Noticed a cane toad
   399 | D        | Killed a cane toad
   400 | D        | Reached skill level 5 in Unarmed Combat
   400 | D        | Reached skill level 5 in Invocations
   400 | D        | Reached XP level 6. HP: 33/58 MP: 3/9
   400 | D        | Reached XP level 7. HP: 36/64 MP: 3/10
   943 | D        | Noticed a smoke demon
   943 | D        | Noticed a steam dragon
   944 | D        | Reached ***** piety under Cheibriados
   946 | D        | Killed a smoke demon
   946 | D        | Killed a steam dragon
   947 | D        | Reached skill level 10 in Armour
   947 | D        | Reached skill level 10 in Shields
   947 | D        | Reached XP level 8. HP: 33/73 MP: 0/12
   953 | D        | Found the +8 mithril axe "Arga" {speed, Will+}
   953 | D        | Found the +13 scythe of Curses {drain, Drain}
  1163 | D        | Noticed a polar bear
  1163 | D        | Noticed an efreet
  1169 | D        | Killed a polar bear
  1170 | D        | Reached skill level 10 in Axes
  1170 | D        | Killed an efreet
  1377 | D        | Reached XP level 9. HP: 79/82 MP: 3/14
  1412 | D        | Noticed an orc sorcerer
  1414 | D        | Noticed an ice devil
  1415 | D        | Killed an orc sorcerer
  1421 | D        | Killed a shadow wraith
  1422 | D        | Reached skill level 10 in Invocations
  1615 | D        | Noticed a sea snake
  1624 | D        | Killed a sea snake
  1624 | D        | Reached ****** piety under Cheibriados
  1625 | D        | Reached XP level 10. HP: 89/93 MP: 16/16
  1634 | D        | Noticed a death yak
  1648 | D        | Killed a death yak
  1649 | D        | Reached skill level 10 in Fighting
  1659 | D        | Noticed a deep troll
  1668 | D        | Killed a deep troll
  1868 | D        | Noticed a bog body
  1868 | D        | Noticed a sea snake
  1870 | D        | Killed a bog body
  1871 | D        | Killed a sea snake
  2081 | D        | Noticed an orc sorcerer
  2082 | D        | Noticed a vampire mage
  2083 | D        | Noticed Harold
  2084 | D        | Killed an orc sorcerer
  2085 | D        | Killed a vampire mage
  2086 | D        | Reached XP level 11. HP: 63/102 MP: 2/18
  2090 | D        | Killed Harold
  2091 | D        | Reached skill level 15 in Armour
  2091 | D        | Reached skill level 15 in Shields
  2245 | D        | Noticed a two-headed ogre
  2245 | D        | Noticed a sea snake
  2246 | D        | Noticed a two-headed ogre
  2246 | D        | Noticed a two-headed ogre
  2248 | D        | Noticed an ogre mage
  2251 | D        | Noticed a two-headed ogre
  2253 | D        | Reached skill level 15 in Axes
  2254 | D        | Killed a sea snake
  2254 | D        | Killed an ogre mage
  2254 | D        | Killed a two-headed ogre
  2254 | D        | Killed a two-headed ogre
  2255 | D        | Reached skill level 10 in Unarmed Combat
  2255 | D        | Killed a two-headed ogre
  2256 | D        | Killed a two-headed ogre
  2604 | D        | Noticed a naga warrior
  2604 | D        | Noticed a naga ritualist
  2618 | D        | Killed a naga warrior
  2618 | D        | Killed a naga ritualist
  3033 | D        | Noticed Sonja
  3038 | D        | Killed Sonja
  3039 | D        | Reached XP level 12. HP: 102/113 MP: 15/21
  3773 | D        | Noticed a naga warrior
  3773 | D        | Noticed Eustachio
  3781 | D        | Killed Eustachio
  3797 | D        | Killed a naga warrior
  4497 | D        | Noticed an alligator snapping turtle
  4498 | D        | Noticed an orc warlord
  4498 | D        | Noticed an orc warlord
  4506 | D        | Reached skill level 15 in Invocations
  4508 | D        | Killed an orc warlord
  4508 | D        | Killed from afar by a deep elf knight

Illustrated notes

Levels and vault maps discovered:
D:        pitsprint [storerooms_1, entrance_room_1, metal_vault_2, armoury_1,
          mini_pit_1, grid_room_1, main_hall_1, silver_pit, the_coven_2,
          the_vestibule_1, steel_vault_3, golden_pit, hallway_of_sentries,
          crystal_vault_3, iron_vault_2, final_vault]

Skill      XL: |  1  2  3  4  5  6  7  8  9 10 11 12 |
---------------+-------------------------------------+-----
Armour         | 4 5 6 8 10 11 13 14 16 18 | 18.3
Dodging        | 2 3 |  3.0
Shields        | 4 5 6 8 10 11 13 14 16 18 | 18.3
Axes           | 3 4 6 8 9 11 13 14 16 18 | 18.0
Fighting       | 4 5 6 7 8 9 11 12 13 | 13.5
Unarmed Combat | 1 2 3 5 7 8 9 10 12 | 12.0
Invocations    | 1 3 5 7 8 10 11 13 15 | 15.0

Action                   |  1- 3 |  4- 6 |  7- 9 | 10-12 || total
-------------------------+-------+-------+-------+-------++-------
Melee: Hand axe          |    29 |    26 |    20 |    99 ||   174
       War axe           |     4 |       |       |       ||     4
       Headbutt          |     5 |     5 |     8 |    33 ||    51
Invok: Temporal Distorti |       |     1 |       |       ||     1
       Slouch            |       |       |     8 |    30 ||    38
  Use: Potion            |       |     4 |       |     4 ||     8
 Stab: Paralysed         |       |       |       |     4 ||     4
Armor: Scale mail        |    10 |       |       |       ||    10
       Skin              |     1 |       |       |       ||     1
       Plate armour      |     2 |    29 |    11 |    38 ||    80
Dodge: Dodged            |    16 |    34 |     7 |    49 ||   106
Block: Buckler           |     5 |    15 |    10 |    51 ||    81
